[Event "Late-Titled-Tuesday-Blitz-May-14-2024"]
[Site "Chess.com"]
[Date "2024.05.14"]
[Round "11"]
[White "hsd2016"]
[Black "merinasian"]
[Result "0-1"]
[WhiteElo "2310"]
[BlackElo "2494"]
[TimeControl "180+1"]
[EndTime "16:01:50 PDT"]
[Termination "merinasian won by resignation"]

1. e4 d6 2. d4 Nd7 3. Be3 g6 4. Nc3 Bg7 5. Bc4 a6 6. h3 b5 7. Bb3 Bb7 8. Nf3 e6 9. a3 Ngf6 10. e5 dxe5 11. dxe5 Ne4 12. Nxe4 Bxe4 13. Bg5 Bxf3 14.
Qxf3 Nxe5 15. Qg3 Qd4 16. O-O O-O 17. c3 Qb6 18. Rfe1 Nc4 19. Bxc4 bxc4 20. Re2 h6 21.
Be3 Qb3 22. h4 Rad8 23. h5 Rd1+ 24. Kh2 Rxa1 25. hxg6 Qd1 26. gxf7+ Rxf7 27. Qg4 h5 28. Qxh5 Qh1+ 0-1

[Event "Late-Titled-Tuesday-Blitz-May-14-2024"]
[Site "Chess.com"]
[Date "2024.05.14"]
[Round "11"]
[White "BestestBP"]
[Black "Boninknights"]
[Result "1-0"]
[WhiteElo "2228"]
[BlackElo "2377"]
[TimeControl "180+1"]
[EndTime "16:01:52 PDT"]
[Termination "BestestBP won by resignation"]

1. c4 Nc6 2. d4 e5 3. d5 Nce7 4. Nc3 Ng6 5. Nf3 Nf6 6. e3 Bb4 7. Qb3 a5 8. a3 Bxc3+ 9. Qxc3 d6 10. Qc2 a4 11. Bd3 O-O 12. O-O Qe7 13. Bf5 e4 14.
Nd4 Bxf5 15. Nxf5 Qe5 16. Ng3 h5 17. Bd2 h4 18. Bc3 Qe8 19. Nf5 Nh5 20. Qe2 Nf6 21. Bxf6 gxf6 22. Qh5 Qe5 23. f4 exf3 24. Rxf3 Ne7 25.
Nxe7+ Qxe7 26. Qg4+ 1-0

[Event "Late-Titled-Tuesday-Blitz-May-14-2024"]
[Site "Chess.com"]
[Date "2024.05.14"]
[Round "11"]
[White "Naruto-K"]
[Black "nindjaxx8"]
[Result "0-1"]
[WhiteElo "2496"]
[BlackElo "2644"]
[TimeControl "180+1"]
[EndTime "16:02:03 PDT"]
[Termination "nindjaxx8 won by resignation"]

1. e4 e6 2. d3 d5 3. Nd2 c5 4. Qe2 dxe4 5. dxe4 Nc6 6. c3 Nf6 7. Ngf3 Be7 8. h3 O-O 9. Qe3 b6 10. Be2 Bb7 11. Nf1 Qc7 12. g4 Ne5 13. N3d2 Rfd8 14. g5 Ne8 15. f4 Nd7 16. Rg1 c4 17. Rg4 Nc5 18. Bxc4 Nxe4 19. f5 exf5 20. g6 hxg6 21. Rxg6 Bh4+ 22. Ke2 Nxd2 23. Bb3 Nxb3 0-1

[Event "Late-Titled-Tuesday-Blitz-May-14-2024"]
[Site "Chess.com"]
[Date "2024.05.14"]
[Round "11"]
[White "balack95"]
[Black "SoCalJuniorChess"]
[Result "1-0"]
[WhiteElo "2454"]
[BlackElo "2203"]
[TimeControl "180+1"]
[EndTime "16:02:09 PDT"]
[Termination "balack95 won by resignation"]

1. Nh3 Nf6 2. g3 d5 3. Bg2 c5 4. O-O Nc6 5. c4 d4 6. d3 e5 7. f4 Be7 8. fxe5 Nxe5 9. Nf4 O-O 10. h3 Rb8 11. Nd2 b6 12. Nf3 Nxf3+ 13. Bxf3 Bb7 14. Bd2 Bd6 15. Kg2 Re8 16. Rc1 g5 17. Nd5 Nxd5 18.
cxd5 Re5 19. e4 dxe3 20. Bc3 e2 21. Bxe2 Bxd5+ 22. Bf3 Rf5 23. Bxd5 Rxd5 24. Qf3 Be5 25. Qxf7+ Kh8 26. Rf5 Bxc3 27. Rxd5 Qf6 28. Qxf6+ Bxf6 29. b3 Rb7 30. Re1 Kg7 31. Re6 h6 32. Rdd6 Bd4 33. Rg6+ Kf7 34. Rxh6 Ke7 35. Rh7+ Kxd6 36. Rxb7 1-0

[Event "Late-Titled-Tuesday-Blitz-May-14-2024"]
[Site "Chess.com"]
[Date "2024.05.14"]
[Round "11"]
[White "XDPS"]
[Black "xasid81"]
[Result "1-0"]
[WhiteElo "2809"]
[BlackElo "2638"]
[TimeControl "180+1"]
[EndTime "16:02:11 PDT"]
[Termination "XDPS won by resignation"]

1. d4 d5 2. Bf4 a6 3. e3 Nc6 4. h3 e6 5. Nf3 Bd6 6. Nbd2 Nge7 7. c3 Ng6 8. Bh2 Bxh2 9. Nxh2 O-O 10. Bd3 e5 11.
O-O e4 12. Bc2 Qg5 13. Kh1 Nh4 14. Rg1 Ne7 15. Qe2 c6 16. c4 Be6 17. b4 f5 18.
f4 exf3 19. gxf3 Qh5 20. Qf2 f4 21. e4 Bxh3 22. Rae1 dxc4 23. Nxc4 Kh8 24. Nd6 b5 25. Bb3 g5 26. d5 cxd5 27. Qd4+ Kg8 28. Qe5 Nxf3 29.
Qxe7 Kh8 30. Bxd5 Bf1 31. Re2 Bxe2 32. Rg2 Nxh2 33. Qe5+ 1-0

[Event "Late-Titled-Tuesday-Blitz-May-14-2024"]
[Site "Chess.com"]
[Date "2024.05.14"]
[Round "11"]
[White "Mikayel99"]
[Black "super_emi_26"]
[Result "1/2-1/2"]
[WhiteElo "2653"]
[BlackElo "2858"]
[TimeControl "180+1"]
[EndTime "16:02:16 PDT"]
[Termination "Game drawn by repetition"]

1. e4 g6 2. Nf3 Bg7 3. d4 d6 4. Nc3 Nf6 5. Be2 O-O 6. O-O Bg4 7.
h3 Bxf3 8. Bxf3 Nc6 9. d5 Ne5 10. Be2 c6 11. f4 Ned7 12. dxc6 bxc6 13. Be3 Qa5 14. Qd2 Rab8 15. Rab1 Rfd8 16. b3 Nc5 17. Bd3 Qa3 18. e5 dxe5 19. fxe5 Nfe4 20. Nxe4 Nxe4 21. Qc1 Qxc1 22. Rbxc1 Nc3 23. e6 f5 24. Bxa7 Ra8 25. Bc5 Bf6 26. a4 Bd4+ 27. Bxd4 Rxd4 28. Rfe1 Kg7 29.
Re5 Kf6 30. Rc5 Na2 31. Ra1 Nb4 32. c3 Rxd3 33. cxb4 Rxb3 34. Rc4 Ra6 35. a5 Kxe6 36. Rac1 Kd7 37. Rd1+ Kc7 38. Re1 Kd6 39. Rd1+ Ke5 40. Re1+ Kd5 41. Rc5+ Kd6 42. Rd1+ Kc7 43. Re5 Rxb4 44.
Rxe7+ Kc8 45. Re8+ Kc7 46. Re7+ Kc8 47. Re8+ Kc7 48.
Re7+ 1/2-1/2

[Event "Late-Titled-Tuesday-Blitz-May-14-2024"]
[Site "Chess.com"]
[Date "2024.05.14"]
[Round "11"]
[White "The_Straightforward_Rook"]
[Black "slidingknight2775"]
[Result "1-0"]
[WhiteElo "2506"]
[BlackElo "2585"]
[TimeControl "180+1"]
[EndTime "16:02:16 PDT"]
[Termination "The_Straightforward_Rook won by checkmate"]

1. d4 Nf6 2. c4 e6 3. Nf3 d5 4. Bg5 c6 5. Nc3 h6 6. Bh4 dxc4 7. e4 g5 8. Bg3 b5 9. h4 Rg8 10. hxg5 hxg5 11. Be2 Bb7 12. Qc2 Nbd7 13. e5 Nd5 14. Ne4 g4 15. Nfg5 Rxg5 16. Bh4 Qa5+ 17. Kf1 Rf5 18. Kg1 Nb4 19. Qd2 Qb6 20. Bxg4 Nd3 21. Bxf5 exf5 22. Nd6+ Bxd6 23. exd6 Qxd4 24. Re1+ N7e5 25. Qg5 Qxf2+ 26. Bxf2 Kd7 27. Qe7+ Kc8 28. Qc7# 1-0

[Event "Late-Titled-Tuesday-Blitz-May-14-2024"]
[Site "Chess.com"]
[Date "2024.05.14"]
[Round "11"]
[White "temus_galaktionov"]
[Black "Oleksandr_Bortnyk"]
[Result "0-1"]
[WhiteElo "2870"]
[BlackElo "3057"]
[TimeControl "180+1"]
[EndTime "16:02:25 PDT"]
[Termination "Oleksandr_Bortnyk won by resignation"]

1. d4 Nf6 2. c4 b6 3. Nf3 Bb7 4. g3 g6 5. Bg2 Bg7 6. Nc3 O-O 7. d5 Na6 8. O-O Nc5 9. Nd4 e5 10. dxe6 dxe6 11. Bxb7 Nxb7 12. Bf4 Na5 13. Qd3 Nh5 14.
Be3 c5 15. Ndb5 Qxd3 16. exd3 Rfd8 17. Rfd1 a6 18. Na3 Nc6 19. Kf1 Nb4 20. Ke2 Rd7 21. Rd2 Rad8 22. Rad1 Nf6 23. Nc2 Nxc2 24. Rxc2 Ng4 25.
h3 Nxe3 26. fxe3 f5 27. Rcd2 Kf7 28. Kf3 Be5 29. Ne2 g5 30. d4 Bf6 31. g4 Kg6 32.
b3 h5 33. d5 b5 34. e4 fxe4+ 35. Kxe4 exd5+ 36. Rxd5 Re8+ 37. Kf3 Rde7 38. gxh5+ Kxh5 39. Ng3+ Kg6 40. R1d3 bxc4 41. bxc4 Bd4 42. Ra3 Rf7+ 43. Nf5 Rxf5+ 44. Rxf5 Kxf5 45. Rxa6 Re3+ 46. Kg2 Re2+ 47.
Kf3 Re3+ 48. Kg2 Rc3 49. Ra8 Rxc4 50. a4 Rc2+ 51. Kf3 Rc3+ 52. Kg2 Ra3 53. a5 c4 54. a6 c3 55. Kf1 c2 56. Rc8 Ra1+ 0-1

[Event "Late-Titled-Tuesday-Blitz-May-14-2024"]
[Site "Chess.com"]
[Date "2024.05.14"]
[Round "11"]
[White "LeninGuerra"]
[Black "marik_spb"]
[Result "1-0"]
[WhiteElo "2658"]
[BlackElo "2500"]
[TimeControl "180+1"]
[EndTime "16:02:31 PDT"]
[Termination "LeninGuerra won by resignation"]

1. e4 c6 2. Nf3 d5 3. exd5 cxd5 4.
Ne5 Nc6 5. Bb5 Qc7 6. Bxc6+ bxc6 7. Qe2 Nf6 8. O-O Bf5 9. d3 e6 10. b3 Bd6 11. Bb2 O-O 12. Nd2 Nd7 13. Rfe1 Nxe5 14.
Bxe5 Bxe5 15. Qxe5 Qxe5 16. Rxe5 f6 17. Re2 Kf7 18. f4 Rfe8 19. Kf2 e5 20. fxe5 Rxe5 21. Rae1 Rae8 22. Rxe5 fxe5 23. Nf3 Kf6 24. d4 e4 25. Ne5 c5 26. c3 cxd4 27. cxd4 Rc8 28. Ke3 Rc2 29.
Re2 Rc1 30. g4 Bc8 31. h4 Be6 32. Rf2+ Ke7 33. Kf4 Rd1 34. Rc2 Rxd4 35. Nc6+ Kd6 36. Nxd4 Bd7 37. Ke3 Bxg4 38. Rc6+ Ke5 39. Ra6 h6 40.
Rxa7 g5 41. hxg5 hxg5 42. a4 Bc8 43. Rc7 Ba6 44. b4 g4 45. b5 g3 46. bxa6 1-0

[Event "Late-Titled-Tuesday-Blitz-May-14-2024"]
[Site "Chess.com"]
[Date "2024.05.14"]
[Round "11"]
[White "th3d4rkness"]
[Black "maracayo"]
[Result "1-0"]
[WhiteElo "2202"]
[BlackElo "2344"]
[TimeControl "180+1"]
[EndTime "16:02:37 PDT"]
[Termination "th3d4rkness won by resignation"]

1. e4 c5 2. Nc3 Nc6 3. Bb5 g6 4. Bxc6 bxc6 5. f4 Bg7 6. Nf3 d5 7. e5 c4 8. O-O Nh6 9. b3 Nf5 10. bxc4 Ba6 11. Kh1 h5 12. cxd5 h4 13. Re1 cxd5 14.
d3 Rc8 15. Ne2 d4 16. c4 Bb7 17. Qa4+ Kf8 18. Qxa7 Qd7 19. h3 Ng3+ 20. Nxg3 hxg3 21. Kg1 g5 22. Nxg5 Qc6 23. Ne4 f5 24. exf6 Bxf6 25. Rb1 Ba8 26. Rb6 1-0

[Event "Late-Titled-Tuesday-Blitz-May-14-2024"]
[Site "Chess.com"]
[Date "2024.05.14"]
[Round "11"]
[White "NikitaShnadrygin"]
[Black "Nf3c5"]
[Result "1-0"]
[WhiteElo "2753"]
[BlackElo "2550"]
[TimeControl "180+1"]
[EndTime "16:02:41 PDT"]
[Termination "NikitaShnadrygin won by checkmate"]

1. e4 c5 2. Nf3 Nc6 3. d4 cxd4 4. Nxd4 e5 5. Nb5 d6 6. N1c3 a6 7. Na3 Be6 8. Nd5 Bxd5 9. exd5 Nce7 10. c4 g6 11. Be2 Bg7 12. O-O Nf6 13. b4 a5 14.
Bd2 axb4 15. Bxb4 b6 16. Nb5 Nc8 17. a4 O-O 18. Qb3 Ne4 19. Qa3 Nc5 20. a5 e4 21.
Ra2 f5 22. Rb1 f4 23. Bg4 Qe7 24. Bxc5 bxc5 25. Bxc8 Raxc8 26. a6 e3 27. fxe3 fxe3 28. Re1 Rf2 29. a7 Ra8 30. Rxf2 exf2+ 31. Kxf2 Rf8+ 32. Qf3 Rxf3+ 33. gxf3 Qd8 34. Nc7 Qh4+ 35. Kf1 Qxc4+ 36. Kg1 Bd4+ 37. Kh1 Qc2 38. a8=Q+ Kg7 39. Ne6+ Kh6 40. Qf8+ Kh5 41. Qf4 Qf2 42. Qg3 Qd2 43. Qh3# 1-0

[Event "Late-Titled-Tuesday-Blitz-May-14-2024"]
[Site "Chess.com"]
[Date "2024.05.14"]
[Round "11"]
[White "dealshark"]
[Black "ShahMatKanal"]
[Result "1-0"]
[WhiteElo "2525"]
[BlackElo "2382"]
[TimeControl "180+1"]
[EndTime "16:02:41 PDT"]
[Termination "dealshark won by resignation"]

1. e4 c5 2. c3 e6 3. d4 d5 4. exd5 exd5 5. Nf3 Nc6 6. Bb5 Be7 7. dxc5 Bxc5 8.
O-O Ne7 9. Nbd2 O-O 10. Nb3 Bd6 11. h3 Bf5 12. Re1 a6 13. Bd3 Bg6 14. Be3 Nf5 15. Bxf5 Bxf5 16. Qd2 Qd7 17. Bf4 Be7 18. Nbd4 Be6 19.
Rad1 Bf6 20. Ne5 Nxe5 21. Bxe5 Be7 22. Bg3 Rfe8 23. Qf4 Bf6 24. Re3 Bxd4 25. Rxd4 Qb5 26. b3 Rac8 27. h4 Qa5 28. Qf3 Qxa2 29. b4 h6 30. h5 Rc4 31. Be5 Rxd4 32. Bxd4 Qb1+ 33. Kh2 Qf5 34. Qxf5 1-0

[Event "Late-Titled-Tuesday-Blitz-May-14-2024"]
[Site "Chess.com"]
[Date "2024.05.14"]
[Round "11"]
[White "GoltsevDmitry2000"]
[Black "Romkachess"]
[Result "1-0"]
[WhiteElo "2744"]
[BlackElo "2587"]
[TimeControl "180+1"]
[EndTime "16:02:45 PDT"]
[Termination "GoltsevDmitry2000 won by checkmate"]

1. e4 c5 2. Nf3 d6 3. d4 cxd4 4. Nxd4 Nf6 5. Nc3 a6 6. Be2 e5 7.
Nf5 g6 8. Ne3 Bg7 9. Ned5 O-O 10. Bg5 Nbd7 11. Qd2 b5 12. h4 Bb7 13. h5 Nc5 14. f3 Ne6 15. Bh4 g5 16. Bf2 Nf4 17. Nxf4 gxf4 18. h6 Bh8 19. Bh4 Qc7 20. g3 Rfe8 21.
gxf4 d5 22. fxe5 Qxe5 23. f4 Qc7 24. e5 d4 25. Rg1+ Kf8 26. Qxd4 Rad8 27. Qb4+ Qe7 28. Qxe7+ Rxe7 29. exf6 Re3 30. Kf2 Rh3 31. Bg5 Rh2+ 32. Kg3 Rxe2 33. Nxe2 Re8 34. Kf2 Re4 35. Rad1 Ke8 36. Rd4 Re6 37. Rgd1 Bxf6 38. Rd8+ Bxd8 39.
Rxd8# 1-0

[Event "Late-Titled-Tuesday-Blitz-May-14-2024"]
[Site "Chess.com"]
[Date "2024.05.14"]
[Round "11"]
[White "PepeCuenca"]
[Black "m_ezat"]
[Result "0-1"]
[WhiteElo "2783"]
[BlackElo "2623"]
[TimeControl "180+1"]
[EndTime "16:02:45 PDT"]
[Termination "m_ezat won by resignation"]

1. d4 Nf6 2. Bf4 c5 3. dxc5 e6 4. Bd6 Na6 5. Qd4 Be7 6. Bxe7 Qxe7 7. b4 b6 8. Qd6 Nxb4 9. Qxe7+ Kxe7 10. Na3 bxc5 11.
e3 d5 12. c3 Nc6 13. Nf3 Bd7 14. Bd3 Rab8 15. O-O h6 16. c4 Nb4 17. Be2 Ne4 18. Rfc1 Rhc8 19. Ne1 Ba4 20. f3 Nd6 21. Kf2 a6 22. Rc3 d4 23. Rcc1 e5 24. Nb1 Nf5 25. e4 Ne3 26. Nd2 Nbc2 27. Nxc2 Nxc2 28. Rab1 Kd6 29. Bd1 Rxb1 30. Nxb1 Nb4 31. Be2 Nxa2 32. Rh1 Rb8 33. Kg3 Rb2 34. Bd3 Nb4 0-1

[Event "Late-Titled-Tuesday-Blitz-May-14-2024"]
[Site "Chess.com"]
[Date "2024.05.14"]
[Round "11"]
[White "Agibileg"]
[Black "jinbojinbo"]
[Result "0-1"]
[WhiteElo "2864"]
[BlackElo "2678"]
[TimeControl "180+1"]
[EndTime "16:02:50 PDT"]
[Termination "jinbojinbo won by resignation"]

1. d4 Nf6 2. c4 g6 3. Nc3 Bg7 4. e4 d6 5. Be2 O-O 6. Nf3 c5 7. d5 e6 8. O-O exd5 9. cxd5 Re8 10. Nd2 a6 11. a4 Nbd7 12. h3 Rb8 13. Re1 Qc7 14.
Bf1 Nh5 15. Ra3 Ne5 16. Qc2 c4 17. a5 Bd7 18. Nd1 Bb5 19. Ne3 Rbc8 20. Rc3 Qxa5 21. Rd1 Qd8 22. Ra3 Nd3 23. b3 cxb3 24. Qxd3 Bxd3 25.
Bxd3 b2 26. Bxb2 Bxb2 27. Ndc4 Bxa3 0-1

[Event "Late-Titled-Tuesday-Blitz-May-14-2024"]
[Site "Chess.com"]
[Date "2024.05.14"]
[Round "11"]
[White "Cambek64"]
[Black "bazar-wokzal"]
[Result "0-1"]
[WhiteElo "2488"]
[BlackElo "2599"]
[TimeControl "180+1"]
[EndTime "16:02:50 PDT"]
[Termination "bazar-wokzal won on time"]

1. e4 c5 2. Nc3 g6 3. f4 Bg7 4. Nf3 Nc6 5. Bc4 e6 6. d3 a6 7. O-O b5 8. Bb3 Na5 9. Kh1 Ne7 10. Qe1 Nxb3 11. axb3 Bb7 12. e5 d5 13. exd6 Qxd6 14.
Ne4 Qc7 15. c4 O-O 16. Ne5 Bxe4 17. Qxe4 f5 18. Qe2 Bxe5 19. fxe5 Nc6 20. Bf4 Nd4 21. Qf2 Nxb3 22. Rae1 Rad8 23. Re3 Rd4 24. Bg5 Rxc4 25. dxc4 bxc4 26. Bf6 Nd4 27. Rh3 Rb8 28. Rc1 Rb4 29.
Rhc3 Qa5 30. h3 Qa2 31. Qh4 f4 32. Qh6 Nf5 33. Qxf4 Rxb2 34. Rxc4 Rxg2 35. Rxc5 Ng3+ 0-1

[Event "Late-Titled-Tuesday-Blitz-May-14-2024"]
[Site "Chess.com"]
[Date "2024.05.14"]
[Round "11"]
[White "cthulhuuu"]
[Black "Bryanl106"]
[Result "0-1"]
[WhiteElo "2488"]
[BlackElo "2674"]
[TimeControl "180+1"]
[EndTime "16:02:51 PDT"]
[Termination "Bryanl106 won on time"]

1. e4 e5 2. Nf3 Nc6 3. d3 Nf6 4. g3 Bc5 5. Bg2 d6 6. O-O a6 7.
c3 O-O 8. b4 Ba7 9. Nbd2 h6 10.
a4 Re8 11. Bb2 Ne7 12. Nc4 Ng6 13. b5 Be6 14. Nfd2 Qd7 15. Ba3 axb5 16. axb5 Qxb5 17. Rb1 Qa6 18. Ra1 b5 19. Bxd6 Qc8 20. Bxe5 bxc4 21.
Bxf6 gxf6 22. e5 c6 23. exf6 cxd3 24. Ne4 Qc7 25. Qd2 Kh7 26. h4 Bd5 27. h5 Bxe4 28.
Bxe4 Rxe4 29. hxg6+ fxg6 30. Qxd3 Rae8 31. Rfd1 Bc5 32.
Qd7+ Qxd7 33. Rxd7+ Kh8 34. Ra5 R4e5 35. Ra6 R5e6 36. f7 Rf8 0-1

[Event "Late-Titled-Tuesday-Blitz-May-14-2024"]
[Site "Chess.com"]
[Date "2024.05.14"]
[Round "11"]
[White "Statham_01"]
[Black "OK97"]
[Result "1-0"]
[WhiteElo "2655"]
[BlackElo "2842"]
[TimeControl "180+1"]
[EndTime "16:02:53 PDT"]
[Termination "Statham_01 won by checkmate"]

1. e4 c5 2. a3 g6 3. Nf3 Bg7 4. c3 d5 5. e5 Bg4 6. d4 cxd4 7.
Bb5+ Nc6 8. cxd4 Nh6 9. Nbd2 Bxf3 10. Bxc6+ bxc6 11. Nxf3 O-O 12. O-O f6 13. exf6 exf6 14. Bf4 g5 15. Bg3 Nf5 16. Qc2 Qd7 17. Rac1 Rac8 18. Rfe1 h5 19. h4 g4 20. Nd2 Nxd4 21.
Qd3 Nf5 22. Ne4 Qf7 23. Nd6 Nxd6 24. Bxd6 Rfe8 25. Qf5 Bh6 26. Rxe8+ Rxe8 27. Rxc6 Bg7 28. Rc7 Re1+ 29. Kh2 Qe6 30. Rc8+ Kf7 31. Qxh5# 1-0

[Event "Late-Titled-Tuesday-Blitz-May-14-2024"]
[Site "Chess.com"]
[Date "2024.05.14"]
[Round "11"]
[White "bubeliang"]
[Black "karinachess1"]
[Result "1-0"]
[WhiteElo "2802"]
[BlackElo "2626"]
[TimeControl "180+1"]
[EndTime "16:02:54 PDT"]
[Termination "bubeliang won by resignation"]

1. e4 e5 2. Nf3 Nc6 3. Bc4 Bc5 4.
c3 Nf6 5. d3 O-O 6. O-O a6 7.
a4 d6 8. Re1 h6 9. h3 Ba7 10.
Nbd2 Ne7 11. Nf1 Ng6 12. Ng3 c6 13. Bb3 Qc7 14. Bc2 d5 15. d4 dxe4 16. Nxe4 Nxe4 17.
Rxe4 f5 18. Rxe5 Nxe5 19. Nxe5 Be6 20. Bf4 Qd8 21. Qh5 Qf6 22. Re1 Rae8 23. Re3 Bf7 24. Nxf7 Qxf7 25. Bb3 Qxb3 26. Rxe8 Rxe8 27. Qxe8+ Kh7 28.
Be5 Qg8 29. Qd7 Bb8 30. Qxf5+ Kh8 31. Qd7 c5 32. Qxb7 Bxe5 33. dxe5 Qc4 34. Qf3 a5 35. Qf8+ Kh7 36. Qf5+ Kg8 37. e6 Qe2 38. Qf7+ Kh7 39. e7 Qe1+ 40. Kh2 Qe5+ 41. g3 1-0

[Event "Late-Titled-Tuesday-Blitz-May-14-2024"]
[Site "Chess.com"]
[Date "2024.05.14"]
[Round "11"]
[White "AlexeiShirov"]
[Black "GelmanAlexander"]
[Result "1-0"]
[WhiteElo "2910"]
[BlackElo "2682"]
[TimeControl "180+1"]
[EndTime "16:02:58 PDT"]
[Termination "AlexeiShirov won by resignation"]

1. e4 c5 2. Nf3 e6 3. d4 cxd4 4. Nxd4 a6 5. c4 d6 6. Nc3 b6 7. Be3 Bb7 8. Rc1 Nd7 9. Be2 Ngf6 10. f3 h6 11. g4 Rc8 12. h4 Ne5 13. b3 g6 14. Kf2 Bg7 15. g5 hxg5 16. hxg5 Rxh1 17. Qxh1 Nfd7 18. f4 Nc6 19. Rd1 Nxd4 20. Bxd4 e5 21. fxe5 Nxe5 22. Be3 Qe7 23. Nd5 Bxd5 24. Rxd5 b5 25.
cxb5 axb5 26. Qd1 Rc3 27. Rxd6 Qc7 28. Bb6 Qb7 29. Rd8+ 1-0

[Event "Late-Titled-Tuesday-Blitz-May-14-2024"]
[Site "Chess.com"]
[Date "2024.05.14"]
[Round "11"]
[White "ClauAmura"]
[Black "rdarruda"]
[Result "0-1"]
[WhiteElo "2355"]
[BlackElo "2503"]
[TimeControl "180+1"]
[EndTime "16:02:58 PDT"]
[Termination "rdarruda won by resignation"]

1. d4 Nf6 2. Bg5 d5 3. e3 c6 4. Nd2 Bf5 5. c4 e6 6. Ne2 h6 7. Bh4 g5 8. Bg3 Bg7 9. cxd5 exd5 10.
h4 O-O 11. hxg5 hxg5 12. Nc3 Re8 13. Be2 Nbd7 14. Nf3 Ne4 15. Nxe4 Bxe4 16. Bd3 Qa5+ 17. Kf1 Qd8 18. Bxe4 dxe4 19. Nd2 Nf6 20. Be5 Qd5 21. Bxf6 Bxf6 22. Qh5 Bg7 23. Rc1 b6 24. Qh7+ Kf8 25. Rh5 c5 26. Nb3 Rac8 27. Kg1 cxd4 28. Rxc8 Rxc8 29.
exd4 a5 30. Nd2 Rc1+ 31. Kh2 Qd6+ 32. g3 Qxd4 33. Nxe4 Qd1 34. Kg2 Qg1+ 35. Kf3 Qd1+ 36. Kg2 g4 37. Rh1 Qf3+ 0-1

[Event "Late-Titled-Tuesday-Blitz-May-14-2024"]
[Site "Chess.com"]
[Date "2024.05.14"]
[Round "11"]
[White "tamarozi99"]
[Black "Bala-Afiada"]
[Result "0-1"]
[WhiteElo "2047"]
[BlackElo "1977"]
[TimeControl "180+1"]
[EndTime "16:03:00 PDT"]
[Termination "Bala-Afiada won by resignation"]

1. e4 c5 2. Nf3 Nc6 3. d4 cxd4 4. Nxd4 Nf6 5. Nc3 d6 6. Bg5 e6 7. Qd2 Be7 8. O-O-O Nxd4 9. Qxd4 O-O 10. f3 Qa5 11. Be3 Bd7 12. Kb1 b5 13. g4 b4 14. Ne2 Rfc8 15.
Nc1 Qc7 16. Qd2 a5 17. h4 a4 18. h5 a3 19. b3 d5 20. e5 Qxe5 21. Bd4 Qc7 22.
g5 Ne8 23. f4 Nd6 24. Bd3 Bb5 25.
Bxh7+ Kxh7 26. g6+ Kg8 27. gxf7+ Kxf7 28. Qg2 Bf6 29.
Qg6+ Ke7 30. Bxf6+ gxf6 31. h6 Qc3 0-1

[Event "Late-Titled-Tuesday-Blitz-May-14-2024"]
[Site "Chess.com"]
[Date "2024.05.14"]
[Round "11"]
[White "VelandiaSaurio"]
[Black "KaydenTroffChess"]
[Result "0-1"]
[WhiteElo "2636"]
[BlackElo "2847"]
[TimeControl "180+1"]
[EndTime "16:03:12 PDT"]
[Termination "KaydenTroffChess won by resignation"]

1. d4 Nf6 2. Nf3 g6 3. c4 Bg7 4. Nc3 d5 5. cxd5 Nxd5 6. e4 Nxc3 7. bxc3 c5 8. Be3 Qa5 9. Qd2 O-O 10. Rc1 Bg4 11.
d5 b5 12. Be2 b4 13. cxb4 cxb4 14. O-O Bc3 15. Qc2 Bxf3 16. Bxf3 Nd7 17. Qb3 Nc5 18.
Bxc5 Qxc5 19. a3 a5 20. axb4 axb4 21. e5 Ra3 22. Qb1 Qd4 23. e6 fxe6 24. dxe6 b3 25. Rcd1 Qf6 26. Qd3 b2 27. Be4 Ra1 28. g3 Qe5 29.
Qc4 Ba5 30. Bb1 Bb6 31. Kg2 Ra3 32. f4 Qc5 33. Qxc5 Bxc5 34. Rd2 Rb8 35. Rfd1 Kg7 36.
f5 g5 37. Rc2 Bd6 38. Rf1 Kf6 39. Rff2 Be5 40. Rf1 Rd8 41. Kf2 Ra1 42. Ke2 h5 43.
Rd2 Rc8 44. Rdd1 Rc3 45. Kd2 Ra4 46. Rfe1 Rd4+ 47. Ke2 Rdc4 48. Bd3 Rc5 49. Rb1 Rc1 50. Kd2 Bc3+ 0-1

[Event "Late-Titled-Tuesday-Blitz-May-14-2024"]
[Site "Chess.com"]
[Date "2024.05.14"]
[Round "11"]
[White "emiliocordova"]
[Black "jefferyx"]
[Result "0-1"]
[WhiteElo "2912"]
[BlackElo "3086"]
[TimeControl "180+1"]
[EndTime "16:03:13 PDT"]
[Termination "jefferyx won by resignation"]

1. d4 g6 2. Nf3 Bg7 3. g3 d6 4. Bg2 Nc6 5. O-O Bd7 6. c4 Qc8 7. Nc3 Bh3 8. d5 Ne5 9. Bf4 h5 10. Bxe5 dxe5 11. c5 Kf8 12. e4 h4 13. Qe2 Bxg2 14. Kxg2 hxg3 15. fxg3 Qh3+ 16. Kg1 Bf6 17. Qg2 Qg4 18. Rae1 Rd8 19. Qf2 Rh5 20. Re3 Nh6 21.
Ne1 Qc8 22. Qf3 c6 23. d6 Qe6 24. Re2 Kg7 25. Nd5 cxd5 26. exd5 Qc8 27. Nd3 Rf5 28. Qg2 Rxf1+ 29. Qxf1 exd6 30. b4 dxc5 31. Nxc5 Rxd5 32. Ne4 Bd8 0-1

[Event "Late-Titled-Tuesday-Blitz-May-14-2024"]
[Site "Chess.com"]
[Date "2024.05.14"]
[Round "11"]
[White "yaguigor"]
[Black "angelgab3"]
[Result "0-1"]
[WhiteElo "2583"]
[BlackElo "2736"]
[TimeControl "180+1"]
[EndTime "16:03:14 PDT"]
[Termination "angelgab3 won by resignation"]

1. e4 e5 2. Nf3 Nc6 3. Bb5 Bc5 4. c3 Nf6 5. O-O O-O 6. d4 Bb6 7. Bg5 h6 8. Bh4 d6 9. Qd3 g5 10. Bg3 Nh5 11. Nbd2 g4 12. Nh4 exd4 13. Bxc6 bxc6 14.
cxd4 a5 15. Rfe1 Qg5 16. Qe3 Qxe3 17. fxe3 Nxg3 18. hxg3 Re8 19. Rac1 Bd7 20. Rf1 a4 21. a3 Ra5 22. Rf4 Rb5 23. Rc2 h5 24. Nc4 Ba7 25. Kf2 Reb8 26. Nf5 Be6 27. Ne7+ Kg7 28. Nxc6 Bxc4 29.
Nxb8 Bb3 30. Rxc7 Bxb8 31. Rc8 Be6 32. d5 Bxc8 0-1

[Event "Late-Titled-Tuesday-Blitz-May-14-2024"]
[Site "Chess.com"]
[Date "2024.05.14"]
[Round "11"]
[White "AccioChess"]
[Black "alexrustemov"]
[Result "0-1"]
[WhiteElo "2497"]
[BlackElo "2883"]
[TimeControl "180+1"]
[EndTime "16:03:14 PDT"]
[Termination "alexrustemov won on time"]

1. e4 e6 2. d4 d5 3. Nd2 dxe4 4. Nxe4 Bd7 5. Nf3 Bc6 6. Bd3 Nd7 7. O-O Ngf6 8. Qe2 Nxe4 9. Bxe4 Bxe4 10. Qxe4 c6 11. c4 Be7 12. b3 O-O 13. Bb2 Re8 14. Rad1 Qa5 15. a4 Rad8 16. h3 h6 17. Rd3 Bf6 18.
Rfd1 Nf8 19. Ne5 Qc7 20. f4 g6 21. Kh2 Bg7 22. R1d2 Nd7 23. Qf3 a6 24. g4 g5 25.
Kg2 gxf4 26. Qxf4 Nxe5 27. dxe5 Rxd3 28. Rxd3 b5 29. c5 bxa4 30. bxa4 Qb7 31. Bc1 Qb1 32. Rd6 Qc2+ 33. Kh1 Qxc5 34. Rd7 Rf8 35. Bb2 Qc2 36. Bd4 Qxa4 37. Bc5 Qxf4 0-1

[Event "Late-Titled-Tuesday-Blitz-May-14-2024"]
[Site "Chess.com"]
[Date "2024.05.14"]
[Round "11"]
[White "WPWPWP-2015"]
[Black "GlavkonVVS"]
[Result "1-0"]
[WhiteElo "2481"]
[BlackElo "2616"]
[TimeControl "180+1"]
[EndTime "16:03:18 PDT"]
[Termination "WPWPWP-2015 won by checkmate"]

1. e4 Nf6 2. Nc3 d5 3. e5 Nfd7 4. f4 e6 5. Nf3 c5 6. Bb5 a6 7. Bxd7+ Bxd7 8. d3 Nc6 9. O-O Be7 10. f5 d4 11. Ne4 exf5 12. Nd6+ Bxd6 13. exd6 O-O 14.
Bf4 f6 15. h4 h6 16. h5 Qe8 17. Nh4 Qf7 18. Ng6 Rfe8 19. Qf3 Kh7 20. Rae1 Qxa2 21.
b3 Qxc2 22. Qd5 Qxd3 23. Qf7 Rad8 24. Re7 Rxe7 25. dxe7 Nxe7 26. Qxe7 Bb5 27. Rf3 Qd1+ 28. Kh2 Re8 29. Qf7 Bc6 30. Bxh6 Kxh6 31. Nf8 Kg5 32. Qg6+ Kh4 33. g3# 1-0